Description

True's ZvP

Replay - TRUE v Welmu: Game 1 - Frozen Temple

Build Order

Get SALT Encoding   

  12  0:00  Drone  
  13  0:07  Drone  
  14  0:33  Hatchery  
  13  0:36  Drone  
  14  0:44  Overlord  
  14  0:52  Drone, Extractor  
  15  1:02  Drone x2  
  17  1:25  Drone  
  18  1:26  Hatchery  
  17  1:37  Extractor  
  16  1:41  Spawning Pool  
  16  1:44  Drone  
  16  1:48  Drone  
  16  1:52  Drone  
  18  1:56  Drone  
  18  2:00  Drone  
  20  2:02  Drone  
  20  2:07  Drone  
  22  2:10  Drone  
  23  2:19  Drone x2  
  25  2:27  Queen  
  27  2:31  Overlord  
  27  2:37  Evolution Chamber  
  27  2:40  Extractor, Queen  
  27  2:41  Metabolic Boost  
  29  2:50  Zergling x10  
  34  3:00  Zergling x2  
  34  3:01  Zergling x2  
  36  3:14  Overlord  
  36  3:32  Hatchery, Queen  
  36  3:34  Drone x2, Overlord  
  39  3:36  Drone x2  
  43  3:45  Drone  
  43  3:47  Drone  
  43  3:48  Roach Warren  
  43  3:49  Drone x2  
  43  3:51  Drone, Extractor  
  44  3:57  Drone x2  
  46  4:05  Drone  
  46  4:07  Overlord  
  47  4:17  Overlord  
  47  4:18  Overlord  
  47  4:28  Roach x6  
  61  4:38  Roach  
  60  4:49  Zergling x10  
  60  4:50  Zergling x2  
  66  4:55  Overlord  
  66  4:57  Zergling x4  
  66  4:58  Zergling x4  
  70  5:01  Zergling x2  
  70  5:06  Zergling x4  
  73  5:12  Zergling x2  
  73  5:14  Zergling x2  
  73  5:18  Zergling x2  
  73  5:19  Zergling x4  
  73  5:21  Zergling x4  
  76  5:23  Zergling x2  
  76  5:24  Zergling x4  
  76  5:26  Roach x3  
  76  5:29  Zergling x2  
  76  5:32  Zergling x6  
  76  5:33  Zergling x2  
  77  5:39  Ravager x3  
  77  5:41  Lair  
  77  5:42  Spore Crawler  
  75  5:48  Drone x2, Spore Crawler  
  75  5:49  Drone x2  
  74  5:50  Spore Crawler  
  74  5:51  Drone  
  74  5:54  Drone  
  75  6:00  Drone  
  75  6:03  Drone  
  76  6:04  Drone  
  76  6:06  Drone x2  
  76  6:07  Drone  
  80  6:11  Drone  
  80  6:12  Drone  
  80  6:16  Drone  
  82  6:28  Zergling x2  
  82  6:29  Zergling x4  
  82  6:30  Zergling x6  
  81  6:39  Zergling x4  
  76  6:48  Drone  
  76  6:49  Drone x8  
  82  6:55  Overseer  
  82  6:58  Pneumatized Carapace, Drone  
  82  6:59  Drone x2  
  85  7:02  Drone x3  
  85  7:03  Extractor  
  85  7:17  Roach x2  
  85  7:18  Overlord  
  85  7:20  Overlord  
  85  7:22  Overlord  
  89  7:23  Overlord, Hatchery  
  89  7:26  Ravager  
  89  7:27  Overlord  
  89  7:35  Overlord  
  89  7:41  Roach x4, Ravager  
  89  7:43  Zergling x4  
  89  7:44  Overlord  
  100  7:45  Zergling x8  
  100  7:50  Zergling x6  
  100  7:51  Extractor  
  106  7:52  Ravager x2  
  106  7:54  Zergling x4  
  106  7:56  Zergling x4  
  106  7:57  Zergling x2  
  106  7:58  Zergling x2  
  114  8:02  Ravager x2  
  114  8:04  Spire  
  114  8:05  Zergling x4  
  116  8:07  Ravager  
  116  8:08  Zergling x4  
  116  8:10  Overseer  
  116  8:11  Zergling x2  
  116  8:12  Zergling x2  
  122  8:17  Roach  
  122  8:18  Roach  
  126  8:22  Zergling x2  
  126  8:23  Zergling x4  
  126  8:24  Zergling x2  
  126  8:25  Zergling x2  
  127  8:28  Roach x2  
  127  8:30  Zergling x2  
  127  8:31  Zergling x4  
Spawning Tool Build Advisor. Get it on Overwolf

Go to:

Details

  • Created by: somekid38
  • Published on: Aug 28, 2016
  • Modified on: Aug 28, 2016
  • Patch: Pre-3.8.0
Show
View Real Time Build Order
Export as new Build Order

Comments (0)

There are no comments. Be the first!

Create an account to comment!